Construct Section Command Post
Selects Indian Artillery Battlegroup
Selects Towed ML 4.2-inch Heavy Mortar
Towed ML 4.2-inch Heavy Mortar
Construct Platoon Command Post
Unlock Bishop Self-propelled Artillery
Selects Gurkha Rifles Section
Bishop Self-propelled Artillery
Bishop Self-propelled Artillery
Construct Company Command Post
Towed ML 4.2-inch Heavy Mortar
Selects Volunteer Infantry
6-pounder Anti-tank Gun Team
Selects Off-map Airburst Barrage
Unlock M3 Grant Medium Tanks